| TOP OF THE 1ST |
|
Akron RubberDucks batting - Pitching for Chattanooga Lookouts : RHP Tom Aagaard
|
|
Pitching: RHP Tom Aagaard
|
|
|
Batting: LHB Nick Welling
|
0-0: Ball 1-0: Ball 2-0: Ball 3-0: Base on Balls
|
|
Batting: SHB Arturo Baez
|
0-0: Foul Ball, location: 2F 0-1: Called Strike 0-2: Ball Pickoff Throw to First - Error! E1 Nick Welling to second 1-2: SINGLE (Groundball, 34D, EV 108.1 MPH) Nick Welling to third Runner from 3rd tries for Home, SAFE, throw by RF to home
|
|
Batting: RHB Harris Leroux
|
0-0: Called Strike Arturo Baez steals 2nd base 0-1: Ground out 6-3 (Groundball, 56, EV 88.8 MPH)
|
|
Batting: RHB Christian Blue
|
0-0: Ball 1-0: Ball 2-0: Ball 3-0: Called Strike 3-1: Called Strike 3-2: Fly out, F9 (Flyball, 89S, EV 87.5 MPH)
|
|
Batting: RHB Hieronim Rutkowski
|
0-0: Called Strike 0-1: Swinging Strike 0-2: Ground out 5-3 (Groundball, 25, EV 93.8 MPH)
|
| Top of the 1st over - 1 run, 1 hit, 1 error, 1 left on base; Akron 1 - Chattanooga 0 |
| BOTTOM OF THE 1ST |
|
Chattanooga Lookouts batting - Pitching for Akron RubberDucks : RHP Andy Coats
|
|
Pitching: RHP Andy Coats
|
|
|
Batting: LHB Marius Tadini
|
0-0: Fly out, F6 (Popup, 56D, EV 44.4 MPH)
|
|
Batting: RHB Ruben Martinez
|
0-0: Called Strike 0-1: Called Strike 0-2: Foul Ball, location: 2F 0-2: Ball 1-2: Ball 2-2: Ball 3-2: SINGLE (Line Drive, 9S, EV 89.4 MPH)
|
|
Batting: LHB Matt Robertson
|
0-0: Ball 1-0: Ball 2-0: Called Strike 2-1: Ball 3-1: Fielders Choice at 2nd, 5-4 (Groundball, 5, EV 86.9 MPH)
|
|
Batting: RHB Isaiah Easter
|
0-0: Ball 1-0: Ball 2-0: Called Strike 2-1: Foul Ball, location: 2F 2-2: Fly out, F9 (Flyball, 89M, EV 94.4 MPH)
|
| Bottom of the 1st over - 0 runs, 1 hit, 0 errors, 1 left on base; Akron 1 - Chattanooga 0 |
| TOP OF THE 2ND |
|
Akron RubberDucks batting - Pitching for Chattanooga Lookouts : RHP Tom Aagaard
|
|
Batting: RHB Matt Thompson
|
0-0: Called Strike 0-1: Ball 1-1: Swinging Strike 1-2: Strikes out looking
|
|
Batting: LHB Corey Trevor
|
0-0: Foul Ball, location: 2F 0-1: Fly out, F8 (Flyball, 8RD, EV 101.3 MPH)
|
|
Batting: RHB Mike Plugge
|
0-0: Foul Ball, location: 2F 0-1: Swinging Strike 0-2: Ball 1-2: Ground out 3-1 (Groundball, 3L, EV 106.3 MPH)
|
| Top of the 2nd over - 0 runs, 0 hits, 0 errors, 0 left on base; Akron 1 - Chattanooga 0 |
| BOTTOM OF THE 2ND |
|
Chattanooga Lookouts batting - Pitching for Akron RubberDucks : RHP Andy Coats
|
|
Batting: RHB Justin Allison
|
0-0: Swinging Strike 0-1: Ground out 5-3 (Groundball, 56S, EV 63.1 MPH)
|
|
Batting: RHB Masaichi Tokunaga
|
0-0: DOUBLE (Groundball, 3L, EV 101.9 MPH) - OUT at third base trying to stretch hit.
|
|
Batting: RHB Bobby Paredes
|
0-0: Swinging Strike 0-1: Ball 1-1: Ground out 6-3 (Groundball, 6, EV 91.3 MPH)
|
| Bottom of the 2nd over - 0 runs, 1 hit, 0 errors, 0 left on base; Akron 1 - Chattanooga 0 |
| TOP OF THE 3RD |
|
Akron RubberDucks batting - Pitching for Chattanooga Lookouts : RHP Tom Aagaard
|
|
Batting: RHB Edwin Rivera
|
0-0: Ball 1-0: Ball 2-0: Called Strike 2-1: DOUBLE (Line Drive, 78M, EV 90.6 MPH)
|
|
Batting: LHB Nick Welling
|
0-0: Called Strike 0-1: Swinging Strike 0-2: Ball 1-2: Ball 2-2: Strikes out swinging
|
|
Batting: SHB Arturo Baez
|
0-0: Fly out, F9 (Flyball, 9, EV 91.3 MPH)
|
|
Batting: RHB Harris Leroux
|
0-0: Ball 1-0: Ball 2-0: Swinging Strike 2-1: Ball 3-1: Foul Ball, location: 2F 3-2: Base on Balls
|
|
Batting: RHB Christian Blue
|
0-0: Called Strike 0-1: Ball 1-1: Ball 2-1: Called Strike 2-2: Strikes out swinging
|
| Top of the 3rd over - 0 runs, 1 hit, 0 errors, 2 left on base; Akron 1 - Chattanooga 0 |
| BOTTOM OF THE 3RD |
|
Chattanooga Lookouts batting - Pitching for Akron RubberDucks : RHP Andy Coats
|
|
Batting: RHB Julian de Reus
|
0-0: Foul Ball, location: 2F 0-1: Ball 1-1: Swinging Strike 1-2: Strikes out swinging
|
|
Batting: RHB Francisque Regras
|
0-0: Ball 1-0: SINGLE (Groundball, 6MD, EV 100.0 MPH)
|
|
Batting: LHB Marius Tadini
|
0-0: Fielders Choice at 2nd, 6-4 (Groundball, 6, EV 86.9 MPH)
|
|
Batting: RHB Ruben Martinez
|
0-0: Called Strike 0-1: Ball 1-1: Foul Ball, location: 2F 1-2: Ground out 1-3 (Groundball, 13S, EV 74.4 MPH)
|
| Bottom of the 3rd over - 0 runs, 1 hit, 0 errors, 1 left on base; Akron 1 - Chattanooga 0 |
| TOP OF THE 4TH |
|
Akron RubberDucks batting - Pitching for Chattanooga Lookouts : RHP Tom Aagaard
|
|
Batting: RHB Hieronim Rutkowski
|
0-0: Ball 1-0: Ground out 6-3 (Groundball, 6, EV 101.9 MPH)
|
|
Batting: RHB Matt Thompson
|
0-0: Ground out 4-3 (Groundball, 4, EV 99.4 MPH)
|
|
Batting: LHB Corey Trevor
|
0-0: Ball 1-0: Ball 2-0: Ball 3-0: Base on Balls
|
|
Batting: RHB Mike Plugge
|
0-0: Ball Corey Trevor steals 2nd base (no throw) 1-0: SINGLE (Groundball, 4MD, EV 97.5 MPH) Corey Trevor to third Runner from 3rd tries for Home, SAFE, throw by CF to home Mike Plugge to second
|
|
Batting: RHB Edwin Rivera
|
0-0: Foul Ball, location: 2F 0-1: Ball 1-1: SINGLE (Groundball, 34D, EV 96.3 MPH) Mike Plugge to third Runner from 3rd tries for Home, SAFE, throw by RF to home
|
|
Batting: LHB Nick Welling
|
0-0: Ball 1-0: Ball 2-0: Foul Ball, location: 2F 2-1: Ground out 4-3 (Groundball, 4, EV 81.3 MPH)
|
| Top of the 4th over - 2 runs, 2 hits, 0 errors, 1 left on base; Akron 3 - Chattanooga 0 |
| BOTTOM OF THE 4TH |
|
Chattanooga Lookouts batting - Pitching for Akron RubberDucks : RHP Andy Coats
|
|
Batting: LHB Matt Robertson
|
0-0: Fly out, F8 (Line Drive, 8LD, EV 100.0 MPH)
|
|
Batting: RHB Isaiah Easter
|
0-0: Ball 1-0: Ground out 5-3 (Groundball, 5, EV 86.9 MPH)
|
|
Batting: RHB Justin Allison
|
0-0: Foul Ball, location: 2F 0-1: Called Strike 0-2: Ground out 5-3 (Groundball, 56, EV 98.1 MPH)
|
| Bottom of the 4th over - 0 runs, 0 hits, 0 errors, 0 left on base; Akron 3 - Chattanooga 0 |
| TOP OF THE 5TH |
|
Akron RubberDucks batting - Pitching for Chattanooga Lookouts : RHP Tom Aagaard
|
|
Batting: SHB Arturo Baez
|
0-0: Called Strike 0-1: Ball 1-1: Ball 2-1: Foul Ball, location: 2F 2-2: Ball 3-2: Foul Ball, location: 2F 3-2: Base on Balls
|
|
Batting: RHB Harris Leroux
|
0-0: Ball Arturo Baez steals 2nd base 1-0: Ball 2-0: Ground out 6-3 (Groundball, 6, EV 84.4 MPH) Arturo Baez to third
|
|
Batting: RHB Christian Blue
|
0-0: Ball 1-0: Called Strike 1-1: Fly out, F8 (Flyball, 8RD, EV 73.8 MPH) Runner from 3rd tags up, SCORES, throw by CF
|
|
Pitching: LHP Craig Anderson
|
|
|
Batting: RHB Hieronim Rutkowski
|
0-0: Ball 1-0: Foul Ball, location: 2F 1-1: Ball 2-1: Called Strike 2-2: Ball 3-2: Base on Balls
|
|
Batting: RHB Matt Thompson
|
0-0: Ball 1-0: Fielders Choice at 2nd, 5-4 (Groundball, 5, EV 90.6 MPH)
|
| Top of the 5th over - 1 run, 0 hits, 0 errors, 1 left on base; Akron 4 - Chattanooga 0 |
| BOTTOM OF THE 5TH |
|
Chattanooga Lookouts batting - Pitching for Akron RubberDucks : RHP Andy Coats
|
|
Batting: RHB Masaichi Tokunaga
|
0-0: Ball 1-0: Called Strike 1-1: Ball 2-1: Swinging Strike 2-2: Ball 3-2: Strikes out swinging
|
|
Batting: RHB Bobby Paredes
|
0-0: SINGLE (Groundball, 4MD, EV 100.6 MPH)
|
|
Batting: RHB Julian de Reus
|
0-0: Foul Ball, location: 2F 0-1: Ball 1-1: Grounds into double play, 4-6-3 (Groundball, 4, EV 100.0 MPH)
|
| Bottom of the 5th over - 0 runs, 1 hit, 0 errors, 0 left on base; Akron 4 - Chattanooga 0 |
| TOP OF THE 6TH |
|
Akron RubberDucks batting - Pitching for Chattanooga Lookouts : LHP Craig Anderson
|
|
Batting: LHB Corey Trevor
|
0-0: Ball 1-0: Foul Ball, location: 2F 1-1: Called Strike 1-2: Hit by Pitch
|
|
Batting: RHB Mike Plugge
|
0-0: Called Strike 0-1: Ball 1-1: Swinging Strike 1-2: Foul Ball, location: 2F 1-2: Strikes out swinging
|
|
Batting: RHB Edwin Rivera
|
0-0: Ball 1-0: Fly out, F3 (Popup, 34S, EV 70.0 MPH)
|
|
Batting: LHB Nick Welling
|
0-0: Ball 1-0: Called Strike 1-1: Ball 2-1: Swinging Strike 2-2: Foul Ball, location: 2F 2-2: Reached on error, E6 (Groundball, 6, EV 99.4 MPH) Corey Trevor to second
|
|
Batting: SHB Arturo Baez
|
0-0: Fielders Choice at 2nd, 5-4 (Groundball, 56, EV 108.1 MPH)
|
| Top of the 6th over - 0 runs, 0 hits, 1 error, 2 left on base; Akron 4 - Chattanooga 0 |
| BOTTOM OF THE 6TH |
|
Chattanooga Lookouts batting - Pitching for Akron RubberDucks : RHP Andy Coats
|
|
Batting: RHB Francisque Regras
|
0-0: Swinging Strike 0-1: Called Strike 0-2: Ball 1-2: Strikes out looking
|
|
Batting: LHB Marius Tadini
|
0-0: Ball 1-0: Called Strike 1-1: Called Strike 1-2: Ball 2-2: Ball 3-2: Ground out 6-3 (Groundball, 56, EV 104.4 MPH)
|
|
Batting: RHB Ruben Martinez
|
0-0: Called Strike 0-1: Ball 1-1: Reached on error, E4 (Groundball, 34, EV 85.0 MPH)
|
|
Batting: LHB Matt Robertson
|
0-0: Called Strike 0-1: Ball 1-1: Foul Ball, location: 2F 1-2: Foul Ball, location: 2LF, Error on foul ball, E2 1-2: Ball 2-2: Ground out U3 (Groundball, 34S, EV 75.6 MPH)
|
| Bottom of the 6th over - 0 runs, 0 hits, 2 errors, 1 left on base; Akron 4 - Chattanooga 0 |
| TOP OF THE 7TH |
|
Akron RubberDucks batting - Pitching for Chattanooga Lookouts : LHP Craig Anderson
|
|
Pitching: RHP Mike Ferry
|
|
|
Batting: RHB Harris Leroux
|
0-0: Foul Ball, location: 2F 0-1: Called Strike 0-2: Strikes out swinging
|
|
Batting: RHB Christian Blue
|
0-0: Called Strike 0-1: Ball 1-1: Ball 2-1: Swinging Strike 2-2: Strikes out swinging
|
|
Batting: RHB Hieronim Rutkowski
|
0-0: Reached on error, E5 (Groundball, 15, EV 85.6 MPH)
|
|
Batting: RHB Matt Thompson
|
0-0: Swinging Strike 0-1: DOUBLE (Groundball, 3L, EV 101.3 MPH) Hieronim Rutkowski to third Runner from 3rd tries for Home, SAFE, throw by RF to trailing runner, OUT at third! 9-3-5
|
| Top of the 7th over - 1 run, 1 hit, 1 error, 0 left on base; Akron 5 - Chattanooga 0 |
| BOTTOM OF THE 7TH |
|
Chattanooga Lookouts batting - Pitching for Akron RubberDucks : RHP Andy Coats
|
|
Batting: RHB Isaiah Easter
|
0-0: Fly out, F9 (Flyball, 9LM, EV 90.6 MPH)
|
|
Batting: RHB Justin Allison
|
0-0: Foul Ball, location: 2F 0-1: Ball 1-1: Swinging Strike 1-2: Strikes out swinging
|
|
Batting: RHB Masaichi Tokunaga
|
0-0: Swinging Strike 0-1: Swinging Strike 0-2: Ball 1-2: Ball 2-2: Ball 3-2: Foul Ball, location: 2F 3-2: Base on Balls
|
|
Pitching: RHP T.J. McCullough
|
|
|
Batting: RHB Bobby Paredes
|
0-0: Swinging Strike 0-1: Ball 1-1: Ball 2-1: Ball 3-1: Foul Ball, location: 2F 3-2: Strikes out looking
|
| Bottom of the 7th over - 0 runs, 0 hits, 0 errors, 1 left on base; Akron 5 - Chattanooga 0 |
| TOP OF THE 8TH |
|
Akron RubberDucks batting - Pitching for Chattanooga Lookouts : RHP Mike Ferry
|
|
Batting: LHB Corey Trevor
|
0-0: Ball 1-0: Called Strike 1-1: Called Strike 1-2: Strikes out looking
|
|
Batting: RHB Mike Plugge
|
0-0: Ball 1-0: Called Strike 1-1: Ball 2-1: Foul Ball, location: 2F 2-2: Ball 3-2: Foul Ball, location: 2F 3-2: SINGLE (Line Drive, 34, EV 94.4 MPH)
|
|
Pitching: RHP Justin Nourse
|
|
|
Batting: RHB Edwin Rivera
|
0-0: Ball 1-0: Swinging Strike 1-1: Foul Ball, location: 2F 1-2: Strikes out swinging
|
|
Batting: LHB Nick Welling
|
0-0: Called Strike 0-1: Ball 1-1: Swinging Strike 1-2: Strikes out swinging
|
| Top of the 8th over - 0 runs, 1 hit, 0 errors, 1 left on base; Akron 5 - Chattanooga 0 |
| BOTTOM OF THE 8TH |
|
Chattanooga Lookouts batting - Pitching for Akron RubberDucks : RHP T.J. McCullough
|
|
Batting: RHB Julian de Reus
|
0-0: Ground out 4-3 (Groundball, 4D, EV 81.9 MPH)
|
|
Pinch Hitting: RHB J.J. Powers
|
0-0: Fly out, F9 (Line Drive, 9, EV 91.3 MPH)
|
|
Batting: LHB Marius Tadini
|
0-0: Ball 1-0: Called Strike 1-1: Ball 2-1: Ball 3-1: SINGLE (Groundball, 13S, EV 68.8 MPH) (infield hit)
|
|
Batting: RHB Ruben Martinez
|
0-0: Ball 1-0: Foul Ball, location: 2F 1-1: Foul Ball, location: 2F 1-2: Strikes out swinging
|
| Bottom of the 8th over - 0 runs, 1 hit, 0 errors, 1 left on base; Akron 5 - Chattanooga 0 |
| TOP OF THE 9TH |
|
Akron RubberDucks batting - Pitching for Chattanooga Lookouts : RHP Justin Nourse
|
|
Now at SS: J.J. Powers
|
|
|
Batting: SHB Arturo Baez
|
0-0: Ball 1-0: Called Strike 1-1: Ball 2-1: Ground out 4-3 (Groundball, 4, EV 105.0 MPH)
|
|
Batting: RHB Harris Leroux
|
0-0: Called Strike 0-1: Ground out 6-3 (Groundball, 6, EV 101.3 MPH)
|
|
Batting: RHB Christian Blue
|
0-0: Ball 1-0: Called Strike 1-1: Fly out, F5 (Popup, 5F, EV 53.8 MPH)
|
| Top of the 9th over - 0 runs, 0 hits, 0 errors, 0 left on base; Akron 5 - Chattanooga 0 |
| BOTTOM OF THE 9TH |
|
Chattanooga Lookouts batting - Pitching for Akron RubberDucks : RHP T.J. McCullough
|
|
Batting: LHB Matt Robertson
|
0-0: Called Strike 0-1: Fly out, F9 (Line Drive, 9D, EV 91.3 MPH)
|
|
Batting: RHB Isaiah Easter
|
0-0: Foul Ball, location: 2F 0-1: Ball 1-1: Ground out 5-3 (Groundball, 5, EV 106.3 MPH)
|
|
Batting: RHB Justin Allison
|
0-0: Called Strike 0-1: Ball 1-1: Foul Ball, location: 2F 1-2: Strikes out looking
|
| Bottom of the 9th over - 0 runs, 0 hits, 0 errors, 0 left on base; Akron 5 - Chattanooga 0 |
|